 Dungeon Crawl Stone Soup version 0.20-a0-1116-gaa52201 (webtiles) character file.

7792 Naow the Severer (level 11, -3/104 HPs)
             Began as a Minotaur Berserker on May 8, 2017.
             Was a High Priest of Trog.
             Slain by a sun demon (12 damage)
             ... summoned by an orc sorcerer
             ... on level 10 of the Dungeon.
             The game lasted 00:15:26 (13182 turns).

Naow the Severer (Minotaur Berserker)              Turns: 13182, Time: 00:15:27

Health: -3/104     AC: 11    Str: 25    XL:     11   Next: 1%
Magic:  0/8        EV:  8    Int:  7    God:    Trog [*****.]
Gold:   553        SH:  3    Dex:  9    Spells: 10/10 levels left

rFire    . . .     SeeInvis .   F - +1 battleaxe (curse)
rCold    . . .     Gourm    .   (shield currently unavailable)
rNeg     . . .     Faith    .   M - +0 plate armour
rPois    .         Spirit   +   (helmet restricted)
rElec    .         Reflect  +   E - scarf {Spirit}
rCorr    .         Harm     .   (no gloves)
MR       ++...     Rnd*Rage +   (no boots)
Stlth    ..........             X - +3 amulet of reflection
Regen    0.3/turn               A - ring of protection from magic
MPRegen  0.2/turn               J - ring of protection from magic

@: slowed, drained, invisible, very slow
A: retaliatory headbutt, horns 2, berserk 1, clever 1, low mp 1
a: Berserk, Trog's Hand, Brothers in Arms, Burn Spellbooks, Renounce Religion


You were on level 10 of the Dungeon.
You worshipped Trog.
Trog was extremely pleased with you.
You were hungry.

You visited 1 branch of the dungeon, and saw 10 of its levels.
You also visited: Sewer.

You collected 553 gold pieces.

Inventory:

Hand Weapons
 a - a +0 hand axe
 v - a +0 blowgun
 F - a cursed +1 battleaxe (weapon)
Missiles
 w - 38 poisoned needles
Armour
 b - a +0 animal skin
 d - a +0 scale mail
 z - a scarf of repulsion
 E - a scarf of spirit shield (worn)
 L - a +0 cloak
 M - a +0 plate armour (worn)
Jewellery
 A - a ring of protection from magic (left hand)
 I - an uncursed ring of wizardry
 J - a ring of protection from magic (right hand)
 X - a +3 amulet of reflection (around neck)
Wands
 l - a wand of random effects (35/48)
 u - a wand of flame (27/48)
 C - a wand of random effects (42/48)
 P - a wand of paralysis (14/24)
 S - a wand of flame (15/48)
 W - a wand of confusion (31/48)
Scrolls
 e - 2 scrolls of immolation {unknown}
 g - 5 scrolls of remove curse {unknown}
 k - 8 scrolls of identify {unknown}
 p - 2 scrolls of fog {unknown}
 q - 9 scrolls of teleportation {unknown}
 s - 2 scrolls of recharging {unknown}
 y - 2 scrolls of fear {unknown}
 G - 3 scrolls of acquirement {unknown}
 K - 2 scrolls of magic mapping {unknown}
 N - a scroll of enchant weapon {unknown}
 R - a scroll of noise {unknown}
 T - 2 scrolls of amnesia {unknown}
 Y - a scroll of blinking {unknown}
Potions
 h - 7 potions of curing {unknown}
 i - 8 potions of heal wounds {unknown}
 j - 2 potions of invisibility
 m - 4 potions of mutation {unknown}
 n - a potion of degeneration {unknown}
 o - 3 potions of brilliance {unknown}
 r - 3 potions of agility
 t - a potion of flight {unknown}
 x - a potion of might {unknown}
 B - 2 potions of berserk rage {unknown}
 H - 2 potions of cancellation {unknown}
 Q - a potion of haste {unknown}
Books
 O - a book of Geomancy

   Spells                             Type                      Level
   a - Sandblast                      Earth                        1
   b - Passwall                       Transmutation/Earth          2
   c - Stone Arrow                    Conjuration/Earth            3
   d - Petrify                        Transmutation/Earth          4
   e - Lee's Rapid Deconstruction     Earth                        5
   Trog disapproves of the use of such an item.
Comestibles
 c - 5 bread rations
 f - 4 meat rations
 D - a fruit
 U - 2 chunks of flesh
 V - a royal jelly


   Skills:
 + Level 11.8(11.0) Fighting
 + Level 15.4(14.5) Axes
 + Level 4.1(3.5) Armour
 + Level 4.0(3.3) Dodging


You had 10 spell levels left.
You didn't know any spells.

Dungeon Overview and Level Annotations

Branches:
Dungeon (10/15)            Temple (0/1) D:6            Lair (0/6) D:10
    Orc (0/2) D:10

Altars:
Ashenzari
Cheibriados
Dithmenos
Fedhas
Gozag
Hepliaklqana
Kikubaaqudgha
Nemelex Xobeh
Okawaru
Trog
Vehumet
Xom
Yredelemnul


Innate Abilities, Weirdness & Mutations

You reflexively headbutt those who attack you in melee.
You have a pair of horns on your head.
You tend to lose your temper in combat.
Your mind is acute. (Int +2)
Your magical capacity is low. (-10% MP)


Message History

The orc sorcerer hits you with a broad axe of pain.
You writhe in agony.
The sun demon hits you!!
You are engulfed in flames!
You are too injured to fight recklessly!
You are too injured to fight recklessly!
The neqoxec closely misses you.
You feel a strong urge to attack something.
The quasit completely misses you.
The quasit claws you but does no damage. x2
The neqoxec gestures.
You feel your anger subside.
You are no longer berserk.
You are exhausted.
You feel yourself slow down.
The orc sorcerer casts a spell.
The sun demon hits you!!
* * * LOW HITPOINT WARNING * * *
You are engulfed in flames!
* * * LOW HITPOINT WARNING * * *
You fade into invisibility!
The sun demon hits you!
You die...

####################
#...................
######.##################
######>......@3.o..4..........
#.......###...###5#...........
#.......###...#.5.ยง..#########
#...............3o5..#
#..(.....######5..5..#
######.#.# #.#.#.## #.#.#
#.#.#.# #.#.# #.#.#.# ##.#.#
#.#.#.#


You could see a sun demon, an orange demon, an orc sorcerer and a quasit.

Vanquished Creatures
  Nergalle (D:10)
  An orc sorcerer (D:10)
  An oklob plant (D:5)
  Joseph (D:9)
  A gargoyle (D:5)
  A troll (D:10)
  Grinder (D:4)
  Grum (D:8)
  Menkaure (D:4)
  Eustachio (D:6)
  A soldier ant (D:7)
  A water moccasin (D:8)
  6 orc warriors
  2 phantoms
  A sky beast (D:5)
  2 black bears
  An ice beast (D:7)
  2 ogres
  4 wolves
  3 centaurs
  3 big kobolds
  A crocodile (D:8)
  3 bullfrogs
  5 scorpions
  8 wights
  2 crimson imps (D:5)
  2 quasits
  A bullfrog skeleton (D:10)
  3 jellies
  2 orc priests
  4 hounds
  Crazy Yiuf (D:6)
  16 orc wizards
  2 centaur skeletons (D:5)
  An iron imp (D:5)
  7 iguanas
  Terence (D:2)
  9 worker ants
  4 hound skeletons
  2 worker ant zombies
  Robin (D:4)
  4 gnolls (D:4)
  22 adders
  7 river rats
  A shadow imp (D:7)
  An ooze (D:4)
  An adder zombie (D:6)
  A worm (D:3)
  3 dart slugs
  6 leopard geckos
  35 orcs
  2 giant cockroaches
  17 goblins
  6 hobgoblins
  7 jackals
  22 kobolds
  3 quokkas
  6 ball pythons
  5 bats
  11 frilled lizards
  A giant cockroach zombie (D:6)
  A leopard gecko skeleton (D:4)
  27 rats
  2 fungi (D:5)
  A plant (D:1)
303 creatures vanquished.

Vanquished Creatures (others)
  A wizard (D:5)
1 creature vanquished.

Grand Total: 304 creatures vanquished

Notes
Turn   | Place    | Note
-------+----------+-------------------------------------------
     0 | D:1      | Naow the Minotaur Berserker began the quest for the Orb.
     0 | D:1      | Reached XP level 1. HP: 19/19 MP: 0/0
    52 | D:1      | Reached skill level 4 in Axes
   209 | D:1      | Reached XP level 2. HP: 27/27 MP: 1/1
   556 | D:1      | Found a shimmering altar of Xom.
   871 | D:2      | Reached XP level 3. HP: 16/33 MP: 2/2
  1092 | D:2      | Found an opulent altar of Gozag.
  1103 | D:2      | Reached skill level 5 in Axes
  1106 | D:2      | Reached ** piety under Trog
  1116 | D:2      | Reached XP level 4. HP: 17/41 MP: 3/3
  1531 | D:2      | Noticed Terence
  1538 | D:2      | Killed Terence
  1556 | D:2      | Found a sparkling altar of Nemelex Xobeh.
  1978 | D:3      | Reached skill level 6 in Axes
  2035 | D:3      | Found a glowing drain.
  2040 | Sewer    | Entered a sewer
  2061 | Sewer    | Reached XP level 5. HP: 28/47 MP: 4/4
  2246 | Sewer    | Reached skill level 5 in Fighting
  2411 | Sewer    | Reached *** piety under Trog
  2411 | Sewer    | Reached skill level 7 in Axes
  2418 | Sewer    | Reached XP level 6. HP: 24/56 MP: 5/5
  3207 | D:3      | Reached skill level 8 in Axes
  3872 | D:4      | Noticed Robin
  3882 | D:4      | Killed Robin
  3980 | D:4      | Reached XP level 7. HP: 61/63 MP: 6/6
  4096 | D:4      | Noticed Menkaure
  4103 | D:4      | Killed Menkaure
  4103 | D:4      | Reached **** piety under Trog
  4349 | D:4      | Reached skill level 9 in Axes
  4748 | D:4      | Noticed Grinder
  4748 | D:4      | Paralysed by Grinder for 2 turns
  4772 | D:4      | Killed Grinder
  5021 | D:4      | Reached XP level 8. HP: 43/73 MP: 7/7
  5314 | D:5      | Entered Level 5 of the Dungeon
  5340 | D:5      | Reached skill level 10 in Axes
  5424 | D:5      | Found a bloodstained altar of Trog.
  5680 | D:5      | Found a snail-covered altar of Cheibriados.
  5831 | D:5      | Noticed a gargoyle
  5844 | D:5      | Killed a gargoyle
  5844 | D:5      | Reached skill level 11 in Axes
  6144 | D:5      | Found a blossoming altar of Fedhas.
  6167 | D:5      | Noticed an oklob plant
  6192 | D:5      | Killed an oklob plant
  6192 | D:5      | Reached XP level 9. HP: 31/82 MP: 8/8
  6503 | D:5      | Reached skill level 12 in Axes
  7031 | D:5      | Noticed a wizard
  7033 | D:5      | Killed a wizard
  7256 | D:6      | Noticed Eustachio
  7284 | D:6      | Killed Eustachio
  7285 | D:6      | Reached ***** piety under Trog
  7592 | D:6      | Found a staircase to the Ecumenical Temple.
  7950 | D:6      | Found a runed door.
  8211 | D:6      | Reached skill level 13 in Axes
  8429 | D:6      | Noticed Crazy Yiuf
  8433 | D:6      | Killed Crazy Yiuf
  8525 | D:7      | Reached skill level 10 in Fighting
  8806 | D:7      | Received a gift from Trog
  9004 | D:7      | Found a bloodstained altar of Trog.
  9018 | D:7      | Found an ancient bone altar of Kikubaaqudgha.
  9315 | D:7      | Found a hazy altar of Hepliaklqana.
  9322 | D:7      | Found an iron altar of Okawaru.
  9478 | D:7      | Paralysed by fainting for 10 turns
  9769 | D:8      | Noticed Grum
  9781 | D:8      | Reached XP level 10. HP: 14/94 MP: 0/9
  9788 | D:7      | Reached skill level 14 in Axes
 10142 | D:8      | Killed Grum
 11515 | D:9      | Found a basalt altar of Yredelemnul.
 11565 | D:9      | Found a shattered altar of Ashenzari.
 11702 | D:9      | Noticed Joseph
 11719 | D:9      | Killed Joseph
 11719 | D:9      | Reached skill level 15 in Axes
 12114 | D:9      | Found a radiant altar of Vehumet.
 12256 | D:9      | Found a shadowy altar of Dithmenos.
 12428 | D:10     | Entered Level 10 of the Dungeon
 12448 | D:10     | Found a staircase to the Lair.
 13001 | D:10     | Noticed Nergalle
 13008 | D:10     | Killed Nergalle
 13074 | D:10     | Found a staircase to the Orcish Mines.
 13126 | D:10     | Noticed an orc sorcerer
 13129 | D:10     | Killed an orc sorcerer
 13129 | D:10     | Reached XP level 11. HP: 104/104 MP: 10/10
 13165 | D:10     | Noticed an orc sorcerer
 13167 | D:10     | Gained mutation: Your mind is acute. (Int +2) [a neqoxec]
 13169 | D:10     | Gained mutation: You tend to lose your temper in combat. [a neqoxec]
 13170 | D:10     | Gained mutation: Your magical capacity is low. (-10% MP) [a neqoxec]
 13173 | D:10     | Noticed a sun demon
 13182 | D:10     | Slain by a sun demon

Vault maps used:
D:1:      onia_arrival_mini_maze, xom_teletrap_fun
D:2:      cheibrodos_helix_gallery, nemelex_altar_shiori,
          nicolae_gozag_seed_capital, uniq_terence
D:3:      portal_sewer_entry_e
D:4:      first_bread, uniq_grinder, uniq_robin, uniq_menkaure
D:5:      tgw_fedhas, slow_altar_2, trog_wizard
D:6:      minmay_temple_entry_statues_fountains, minmay_fountain_box,
          minmay_misc_feat_tiny, uniq_crazy_yiuf_cottage, uniq_eustachio
D:7:      nicolae_overflow_hidden_temple, amethyst_overflow_temple_binary
D:8:      uniq_grum
D:9:      overflow_temple_1_default, grunt_dithmenos_smoke, vehumet_crystals,
          cheibrodos_ashenzari_chains, uniq_joseph
D:10:     cheibrodos_wizards_tower, lair_entry_dummy, orc_0_dummy,
          hangedman_little_slice_of_home, uniq_nergalle
Sewer:    sewer_minmay_treatment

Skill      XL: |  1  2  3  4  5  6  7  8  9 10 |
---------------+-------------------------------+-----
Axes           | 4 5 6 7 8 9 11 13 15 | 15.4
Fighting       | 4 5 6 7 8 10 11 | 11.8
Armour         | 4 |  4.1
Dodging        | 4 |  4.0

Action                   |  1- 3 |  4- 6 |  7- 9 | 10-12 || total
-------------------------+-------+-------+-------+-------++-------
Melee: Hand axe          |    82 |   164 |   384 |       ||   630
       Headbutt          |     9 |    16 |    92 |    40 ||   157
       Battleaxe         |       |       |     9 |   182 ||   191
Invok: Berserk           |     1 |     2 |     7 |     3 ||    13
  Use: Potion            |       |       |       |     1 ||     1
 Stab: Sleeping          |     2 |       |       |       ||     2
       Distracted        |       |     1 |       |       ||     1
  Eat: Chunk             |     1 |    12 |    17 |    10 ||    40
       Fruit             |       |       |     4 |     2 ||     6
       Meat ration       |       |       |     1 |       ||     1
Armor: Animal skin       |     9 |     4 |       |       ||    13
       Scale mail        |       |    70 |    85 |       ||   155
       Plate armour      |       |       |    15 |   114 ||   129
Dodge: Dodged            |    34 |   111 |   147 |    55 ||   347
       Deflected         |       |     1 |       |       ||     1
Block: Other             |       |       |       |     7 ||     7
